AoeStats
← briantorresr25

Nomad

510436191Analyzed
3v3 RM · 7h ago on Oct 1, 2026· 55m 5s· 6 players
Game mode
Random Map
Map size
210×210
Population
200
Speed
Normal
Resources
Standard
Victory
Conquest
Starting age
Dark Age
Ending age
Imperial Age
RankedLock teamsTeams togetherTeam positionsShared explorationLock speedFull tech treeHidden civsTurbo modeCheats
Victory
Defeat
🇨🇴 Italians · Colombia
1186
+12
🇺🇸 Spanish · United States
1029
+18
🇦🇷 Huns · Argentina
1028
+18
🇨🇴 Persians · Colombia
1108
-17
🇪🇨 Georgians · Ecuador
1092
-16
🇨🇴 Japanese · Colombia
1051
-15
SIR LOOR FAAL
12:44 Feudal Age
17:44 Castle Age
30:41 Double-Bit Axe
DCB
4:27 Loom
14:23 Feudal Age
18:09 Castle Age
17:50 Stone Mining
25:08 Wheelbarrow
28:23 Crossbowman
28:55 Fletching
29:21 Kamandaran
29:50 Fishing Lines
31:05 Ballistics
35:37 Bodkin Arrow
38:23 Medium Warships
40:46 Padded Archer Armor
40:55 Thumb Ring
44:53 Leather Archer Armor
briantorresr25
4:47 Loom
16:43 Feudal Age
21:27 Castle Age
19:30 Double-Bit Axe
29:44 Scale Mail Armor
29:55 Forging
31:13 Chain Mail Armor
33:17 Iron Casting
47:59 Imperial Age
53:15 Imperial Age
53:00 Elite Skirmisher
Cronos747
5:22 Loom
13:42 Feudal Age
15:16 Wheelbarrow
14:28 Double-Bit Axe
15:44 Man-at-Arms
16:30 Scale Mail Armor
18:41 Forging
18:34 Horse Collar
24:51 Castle Age
24:39 Gold Mining
25:03 Long Swordsman
25:45 Squires
25:36 Arson
27:22 Chain Mail Armor
28:23 Pikeman
33:41 Hand Cart
36:22 Iron Casting
39:33 Imperial Age
38:08 Heavy Plow
39:37 Two-Handed Swordsman
42:52 Blast Furnace
Real CB
14:24 Feudal Age
12:43 Loom
16:17 Double-Bit Axe
19:43 Castle Age
18:25 Stone Mining
18:40 Padded Archer Armor
18:30 Fletching
21:33 Bow Saw
23:29 Wheelbarrow
22:51 Fishing Lines
24:08 Husbandry
24:07 Gold Mining
24:41 Horse Collar
26:47 Gillnets
30:06 Hand Cart
30:15 Bloodlines
30:02 Bodkin Arrow
30:22 Leather Archer Armor
34:50 Imperial Age
35:51 Bracer
36:21 Ring Archer Armor
37:10 Elite Conquistador
38:41 Thumb Ring
39:11 Heavy Plow
40:14 Two-Man Saw
39:50 Stone Shaft Mining
40:33 Ballistics
40:57 Town Watch
42:51 Chemistry
43:12 Town Patrol
The_JC
5:50 Loom
14:01 Feudal Age
20:52 Castle Age
19:51 Fletching
21:09 Crossbowman
21:55 Thumb Ring
21:46 Bodkin Arrow
22:29 Fishing Lines
22:55 Double-Bit Axe
26:59 Padded Archer Armor
33:37 Ballistics
37:02 Leather Archer Armor
43:01 Bloodlines
42:52 Husbandry
43:56 Light Cavalry
50:10 Horse Collar
Connection lost

Rejoining the realm…

Still unreachable

The connection could not be restored.

Session expired

The server has moved on; the page needs a fresh start.